 Dungeon Crawl Stone Soup version 0.29.1-12-g30fa7ad0bf (webtiles) character file.

Game seed: 13803623598664807683

947 cheesebisquit the Cleaver (level 7, -6/61 HPs)
             Began as a Minotaur Berserker on Jan 2, 2023.
             Was a Believer of Trog.
             Splashed by a jelly's acid (9 damage)
             ... on level 5 of the Dungeon.
             The game lasted 00:12:26 (3497 turns).

cheesebisquit the Cleaver (Minotaur Berserker)      Turns: 3497, Time: 00:12:26

Health: -6/61      AC: -6    Str: 24    XL:     7   Next: 89%
Magic:  6/6        EV: 12    Int:  4    God:    Trog [**....]
Gold:   274        SH:  0    Dex:  9    Spells: 6/6 levels left

rFire   . . .      SeeInvis .   a - +0 hand axe (freeze)
rCold   . . .      Faith    .   (no shield)
rNeg    . . .      Spirit   .   g - +0 ring mail
rPois   +          Reflect  .   (helmet restricted)
rElec   .          Harm     .   (no cloak)
rCorr   .          Rampage  .   (no gloves)
Will    ++...                   (no boots)
Stlth   ..........              (no amulet)
HPRegen 1.20/turn               l - ring of poison resistance
MPRegen 0.10/turn               (no ring)

@: strong-willed, corroded, regenerating
A: horns 2, retaliatory headbutt
a: Renounce Religion, Berserk, Trog's Hand


You were on level 5 of the Dungeon.
You worshipped Trog.
Trog was pleased with you.
You visited 1 branch of the dungeon, and saw 5 of its levels.

You collected 274 gold pieces.

Inventory:

Hand Weapons
 a - a +0 hand axe of freezing (weapon)
Armour
 b - a +0 animal skin
 g - a +0 ring mail (worn)
Jewellery
 l - a ring of poison resistance (left hand)
Wands
 q - a wand of mindburst (13)
Scrolls
 c - a scroll of acquirement {unknown}
 f - a scroll of butterflies {unknown}
 h - a scroll of teleportation {unknown}
 k - 2 scrolls of brand weapon
 m - a scroll of summoning {unknown}
 p - a scroll of amnesia {unknown}
Potions
 d - 5 potions of curing
 e - 3 potions of lignification
 i - a potion of might {unknown}
 j - a potion of attraction {unknown}
 n - a potion of magic {unknown}
 o - a potion of ambrosia {unknown}


   Skills:
 - Level 5.2 Fighting
 + Level 9.4 Axes
 - Level 4.4 Armour
 - Level 4.0 Dodging


You had 6 spell levels left.
You didn't know any spells.
Your spell library was empty.

Dungeon Overview and Level Annotations

Branches:
Dungeon (5/15)
 Temple: D:4-7

Altars:
Zin


Innate Abilities, Weirdness & Mutations

You have a pair of horns on your head.
You reflexively headbutt those who attack you in melee.


Message History

The phantom closely misses you.
You closely miss the phantom.
The phantom is heavily damaged.
You slash the phantom!
The phantom is almost destroyed.
The phantom closely misses you. You furiously retaliate!
You headbutt the phantom!
You destroy the phantom!
Trog accepts your kill.
You hit the jelly but do no damage. The acid corrodes you!
Your hands burn!
The jelly hits you but does no damage.
You hit the jelly. You freeze the jelly.
Your hands burn!
The jelly is heavily wounded.
The jelly hits you.
You are splashed with acid!
You hit the jelly. You freeze the jelly. The acid corrodes you!
Your hands burn!
The jelly is severely wounded.
The jelly hits you. The acid corrodes you!
You are splashed with acid!
You hit the jelly but do no damage. The acid corrodes you!
Your hands burn!
You headbutt the jelly, but do no damage.
The jelly is severely wounded.
The jelly closely misses you.
You hit the jelly but do no damage.
Your hands burn!
Your headbutt misses the jelly.
The jelly is severely wounded.
You barely miss the jelly.
The jelly is severely wounded.
The jelly hits you.
You are splashed with acid.
* * * LOW HITPOINT WARNING * * *
Your skin crawls.
You feel strong-willed. The jelly hits you.
* * * LOW HITPOINT WARNING * * *
You are splashed with acid!
* * * LOW HITPOINT WARNING * * *
The jelly attacks as you move away! The jelly closely misses you.
The jelly attacks as you move away! The jelly hits you.
* * * LOW HITPOINT WARNING * * *
You are splashed with acid!
You die...

...........
.............
............ .
.............
.............
#.......$....
##............
#.@###.#.....#
##.J#.<....#
#..)..#......
#..))## ...#.
#.....# ..#
.......### ...
........ ..
........ .
........


You could see a jelly.

Vanquished Creatures
  The ghost of croobank the Digger, a novice KoEE of Sif Muna (D:4)
  Grinder (D:3)
  A phantom (D:5)
  A jelly (D:4)
  3 hounds
  Jessica (D:3)
  An iguana (D:5)
  Terence (D:3)
  Natasha (twice) (D:3)
  5 adders
  3 gnolls (D:5)
  3 ufetubi (D:4)
  2 worms (D:2)
  5 dart slugs
  An orc (D:4)
  6 bats
  6 endoplasms
  2 giant cockroaches
  3 goblins
  8 hobgoblins
  4 quokkas
  6 ball pythons
  5 frilled lizards
  8 kobolds
  5 rats
84 creatures vanquished.

Vanquished Creatures (others)
  A demonic plant (D:4)
1 creature vanquished.

Grand Total: 85 creatures vanquished

Notes
Turn   | Place    | Note
-------+----------+-------------------------------------------
     0 | D:1      | cheesebisquit the Minotaur Berserker began the quest for
                  | the Orb.
     0 | D:1      | Reached XP level 1. HP: 19/19 MP: 0/0
   317 | D:1      | Reached XP level 2. HP: 20/27 MP: 1/1
  1186 | D:1      | Reached skill level 4 in Axes
  1402 | D:2      | Reached XP level 3. HP: 33/33 MP: 2/2
  1431 | D:2      | Reached ** piety under Trog
  2163 | D:3      | Reached XP level 4. HP: 41/41 MP: 3/3
  2174 | D:3      | Noticed Jessica
  2175 | D:3      | Noticed Grinder
  2181 | D:3      | Killed Jessica
  2187 | D:3      | Paralysed by Grinder for 3 turns
  2195 | D:3      | Paralysed by Grinder for 3 turns
  2200 | D:3      | Paralysed by Grinder for 3 turns
  2210 | D:3      | Killed Grinder
  2211 | D:3      | Reached skill level 5 in Fighting
  2211 | D:3      | Reached skill level 5 in Axes
  2211 | D:3      | Reached XP level 5. HP: 23/48 MP: 4/4
  2211 | D:3      | Reached XP level 6. HP: 27/56 MP: 5/5
  2437 | D:3      | Found a faded altar of an unknown god.
  2582 | D:3      | Noticed Natasha
  2586 | D:3      | Killed Natasha
  2762 | D:3      | Noticed Terence
  2766 | D:3      | Killed Terence
  2826 | D:3      | Noticed Natasha
  2834 | D:3      | Killed Natasha
  2971 | D:4      | Reached skill level 6 in Axes
  3058 | D:4      | Found a glowing silver altar of Zin.
  3132 | D:4      | Reached XP level 7. HP: 58/61 MP: 6/6
  3172 | D:4      | Reached skill level 7 in Axes
  3357 | D:4      | Found a runed translucent gate.
  3357 | D:4      | Found a runed translucent gate.
  3358 | D:4      | Found a runed translucent gate.
  3359 | D:4      | Noticed croobank's ghost (novice KoEE)
  3436 | D:4      | Killed croobank's ghost
  3437 | D:4      | Reached skill level 8 in Axes
  3466 | D:5      | Entered Level 5 of the Dungeon
  3477 | D:5      | Reached skill level 9 in Axes
  3497 | D:5      | HP: 3/61 [jelly (3)]
  3497 | D:5      | Splashed by a jelly's acid

Illustrated notes

Levels and vault maps discovered:
D:1:      dpeg_arrival_pits, layout_basic
D:2:      layout_loops_cross
D:3:      layout_basic, hellmonk_ecumenical_altar_blasted, uniq_terence,
          uniq_natasha, uniq_jessica, uniq_grinder
D:4:      layout_rooms, zin_academy, serial_demonic, serial_demonic_c,
          serial_demonic_b, serial_demonic_e, serial_demonic_f,
          ebering_ghost_rock_garden, chequers_arboretum
D:5:      layout_cave_pools, mainiacjoe_overflow_alcove_2

Skill      XL: |  1  2  3  4  5  6  7 |
---------------+----------------------+-----
Fighting       | 4 5 |  5.2
Axes           | 4 5 6 9 |  9.4
Armour         | 3 4 |  4.4
Dodging        | 3 4 |  4.0

Action                   |  1- 3 |  4- 6 |  7- 9 || total
-------------------------+-------+-------+-------++-------
Melee: Hand axe          |    87 |    51 |    50 ||   188
       Headbutt          |    15 |    12 |     4 ||    31
       Punch             |     2 |     1 |       ||     3
Invok: Berserk           |     1 |     3 |     1 ||     5
       Trog's Hand       |       |     4 |     2 ||     6
  Use: Potion            |       |     1 |       ||     1
       Scroll            |       |     2 |     1 ||     3
Armor: Animal skin       |     4 |       |       ||     4
       Ring mail         |    25 |    13 |     8 ||    46
Dodge: Dodged            |    48 |    32 |    32 ||   112
